2204 views
Uploaded 2025-04-25 23:56:02
Game version 1.36 (6115)
35:20 long 1on1 ladder game on (2)Hammerfall
Saved by Cabeelibob
2204 views
Uploaded 2025-04-25 23:56:02
Game version 1.36 (6115)
35:20 long 1on1 ladder game on (2)Hammerfall

59 units @ 9.1k
/ 1.8k
38 buildings @ 6.3k
/ 3.2k

| Staff of Preservation | 1 | 150 |
| Orb of Venom | 1 | 325 |
| Scroll of Town Portal | 1 | 350 |
| total: | 3 | 825g |
| Wisp | 27 | 1620 | / | 0 |
| Archer | 2 | 260 | / | 20 |
| Huntress | 8 | 1560 | / | 160 |
| Dryad | 5 | 725 | / | 300 |
| Druid of the Claw | 9 | 2295 | / | 720 |
| Chimaera | 7 | 2310 | / | 490 |
| Goblin Shredder | 1 | 375 | / | 100 |
| total: | 59 | 9145g | / | 1790w |
| Ancient Protector | 13 | 1755 | / | 1040 |
| Altar of Elders | 1 | 180 | / | 50 |
| Moon Well | 10 | 1800 | / | 400 |
| Ancient of War | 3 | 450 | / | 180 |
| Hunter's Hall | 1 | 210 | / | 100 |
| Ancient of Wonders | 2 | 180 | / | 60 |
| Tree of Life | 3 | 1020 | / | 555 |
| Ancient of Lore | 2 | 310 | / | 290 |
| Chimaera Roost | 3 | 420 | / | 570 |
| Tree of Ages | 1 | 320 | / | 180 |
| Tree of Eternity | 1 | 330 | / | 200 |
| total: | 38 | 6325g | / | 3245w |
| 0:02 | Wisp |
| 0:08 | Altar of Elders |
| 0:11 | Moon Well |
| 0:15 | Wisp |
| 0:17 | Wisp |
| 0:23 | Ancient of War |
| 0:34 | Wisp |
| 0:40 | Wisp |
| 1:07 | Wisp |
| 1:07 | Wisp |
| 1:24 | Archer |
| 1:28 | Wisp |
| 1:35 | Moon Well |
| 2:09 | Immolation |
| 2:32 | Ancient of War |
| 2:37 | Hunter's Hall |
| 3:07 | Wisp |
| 3:07 | Wisp |
| 3:07 | Wisp |
| 3:09 | Wisp |
| 3:21 | Ancient of War |
| 3:24 | Evasion |
| 3:37 | Archer |
| 3:45 | Wisp |
| 3:45 | Wisp |
| 3:54 | Ancient Protector |
| 4:03 | Huntress |
| 4:29 | Huntress |
| 4:39 | Moon Well |
| 5:17 | Ancient of Wonders |
| 5:19 | Tree of Ages |
| 5:53 | Huntress |
| 6:30 | Moon Well |
| 6:32 | Huntress |
| 6:49 | Evasion |
| 7:23 | Tree of Life |
| 7:30 | Ancient Protector |
| 7:31 | Ancient Protector |
| 7:33 | Ancient Protector |
| 7:54 | Goblin Shredder |
| 8:55 | Ancient Protector |
| 9:05 | Ancient Protector |
| 9:30 | Ancient of Lore |
| 9:37 | Ancient of Lore |
| 9:46 | Huntress |
| 9:56 | Huntress |
| 9:59 | Moon Glaive |
| 10:09 | Immolation |
| 10:37 | Huntress |
| 11:04 | Dryad |
| 11:11 | Huntress |
| 11:58 | Tree of Eternity |
| 12:02 | Wisp |
| 12:03 | Wisp |
| 12:03 | Wisp |
| 12:22 | Staff of Preservation |
| 12:38 | Druid of the Claw |
| 12:49 | Immolation |
| 13:16 | Druid of the Claw Adept Training |
| 13:28 | Druid of the Claw |
| 13:39 | Wisp |
| 13:39 | Wisp |
| 13:39 | Wisp |
| 13:45 | Moon Well |
| 13:46 | Moon Well |
| 14:07 | Nature's Blessing |
| 14:41 | Ancient Protector |
| 14:50 | Druid of the Claw Master Training |
| 14:51 | Druid of the Claw |
| 16:02 | Metamorphosis |
| 16:22 | Druid of the Claw |
| 16:23 | Druid of the Claw |
| 17:31 | Druid of the Claw |
| 17:31 | Dryad |
| 17:34 | Strength of the Wild |
| 17:34 | Reinforced Hides |
| 18:01 | Wisp |
| 18:24 | Well Spring |
| 19:05 | Moon Well |
| 19:08 | Moon Well |
| 19:11 | Wisp |
| 19:11 | Wisp |
| 19:20 | Ancient of Wonders |
| 19:25 | Chimaera Roost |
| 19:32 | Chimaera Roost |
| 19:48 | Scroll of Town Portal |
| 19:51 | Orb of Venom |
| 19:54 | Dryad |
| 19:54 | Druid of the Claw |
| 20:58 | Chimaera Roost |
| 21:11 | Moon Well |
| 21:19 | Tree of Life |
| 21:21 | Ancient Protector |
| 21:22 | Ancient Protector |
| 21:23 | Ancient Protector |
| 21:25 | Ancient Protector |
| 21:36 | Improved Strength of the Wild |
| 22:15 | Druid of the Claw |
| 22:22 | Ancient Protector |
| 22:25 | Ancient Protector |
| 24:11 | Chimaera |
| 24:13 | Chimaera |
| 26:29 | Chimaera |
| 26:49 | Evasion |
| 26:58 | Wisp |
| 26:58 | Wisp |
| 26:59 | Wisp |
| 26:59 | Wisp |
| 27:25 | Mana Burn |
| 27:54 | Chimaera |
| 29:31 | Druid of the Claw |
| 29:32 | Dryad |
| 29:32 | Dryad |
| 29:36 | Chimaera |
| 30:02 | Corrosive Breath |
| 30:03 | Chimaera |
| 30:37 | Tree of Life |
| 30:48 | Mana Burn |
| 32:35 | Moon Well |
| 32:57 | Chimaera |
| 34:07 | Mana Burn |
| Right click | 1616 |
| Select | 652 |
| Select group | 421 |
| Build/train/purchase | 143 |
| Use ability | 61 |
| Assign group | 52 |
| Misc. action | 52 |
| Chat | 4 |
| Item give/drop | 2 |
| Remove unit | 1 |
72 units @ 11.3k
/ 3.2k
18 buildings @ 3.3k
/ 1.6k


| Orb of Venom | 1 | 325 |
| Scroll of Town Portal | 2 | 700 |
| Circlet of Nobility | 1 | 175 |
| total: | 4 | 1200g |
| Wisp | 23 | 1380 | / | 0 |
| Archer | 8 | 1040 | / | 80 |
| Dryad | 14 | 2030 | / | 840 |
| Druid of the Claw | 18 | 4590 | / | 1440 |
| Chimaera | 3 | 990 | / | 210 |
| Goblin Sapper | 6 | 1290 | / | 600 |
| total: | 72 | 11320g | / | 3170w |
| Altar of Elders | 1 | 180 | / | 50 |
| Moon Well | 8 | 1440 | / | 320 |
| Ancient of War | 1 | 150 | / | 60 |
| Hunter's Hall | 1 | 210 | / | 100 |
| Ancient of Wonders | 1 | 90 | / | 30 |
| Tree of Life | 2 | 680 | / | 370 |
| Ancient of Lore | 2 | 310 | / | 290 |
| Chimaera Roost | 2 | 280 | / | 380 |
| Tree of Ages | 1 | 320 | / | 180 |
| Tree of Eternity | 1 | 330 | / | 200 |
| total: | 18 | 3340g | / | 1600w |
| 0:02 | Altar of Elders |
| 0:03 | Wisp |
| 0:16 | Wisp |
| 0:19 | Moon Well |
| 0:24 | Wisp |
| 0:31 | Wisp |
| 0:44 | Ancient of War |
| 0:49 | Wisp |
| 1:16 | Wisp |
| 1:16 | Wisp |
| 1:30 | Moon Well |
| 1:32 | Wisp |
| 1:45 | Archer |
| 2:01 | Wisp |
| 2:25 | Wisp |
| 2:25 | Wisp |
| 3:00 | Wisp |
| 3:00 | Wisp |
| 3:10 | Mana Burn |
| 3:12 | Archer |
| 3:13 | Archer |
| 3:32 | Tree of Ages |
| 3:35 | Hunter's Hall |
| 3:38 | Ancient of Wonders |
| 3:50 | Moon Well |
| 4:00 | Archer |
| 4:13 | Archer |
| 5:06 | Moon Well |
| 5:15 | Strength of the Wild |
| 5:40 | Evasion |
| 5:40 | Mana Burn |
| 5:57 | Ancient of Lore |
| 5:58 | Ancient of Lore |
| 6:01 | Wisp |
| 6:02 | Wisp |
| 6:02 | Wisp |
| 6:22 | Archer |
| 6:22 | Archer |
| 6:28 | Moon Well |
| 6:31 | Improved Strength of the Wild |
| 6:51 | Tree of Eternity |
| 7:22 | Dryad |
| 7:43 | Dryad |
| 8:19 | Dryad |
| 8:47 | Druid of the Claw Adept Training |
| 8:54 | Evasion |
| 9:08 | Moon Well |
| 9:28 | Druid of the Claw Master Training |
| 9:29 | Druid of the Claw |
| 9:49 | Mana Burn |
| 9:52 | Druid of the Claw |
| 9:55 | Well Spring |
| 10:38 | Tree of Life |
| 11:44 | Druid of the Claw |
| 11:52 | Druid of the Claw |
| 12:22 | Druid of the Claw |
| 12:38 | Druid of the Claw |
| 13:04 | Circlet of Nobility |
| 13:16 | Scroll of Town Portal |
| 13:28 | Wisp |
| 13:28 | Wisp |
| 13:28 | Wisp |
| 13:28 | Wisp |
| 13:29 | Wisp |
| 13:40 | Reinforced Hides |
| 13:54 | Wisp |
| 14:07 | Druid of the Claw |
| 14:29 | Druid of the Claw |
| 14:42 | Druid of the Claw |
| 16:01 | Metamorphosis |
| 16:08 | Druid of the Claw |
| 16:09 | Druid of the Claw |
| 16:28 | Dryad |
| 17:28 | Improved Reinforced Hides |
| 17:57 | Dryad |
| 18:24 | Scroll of Town Portal |
| 19:04 | Dryad |
| 19:06 | Mark of the Claw |
| 19:08 | Advanced Strength of the Wild |
| 19:13 | Thorns Aura |
| 19:56 | Druid of the Claw |
| 20:01 | Moon Well |
| 20:01 | Moon Well |
| 21:11 | Entangling Roots |
| 21:26 | Tree of Life |
| 21:32 | Advanced Reinforced Hides |
| 21:32 | Ultravision |
| 21:35 | Abolish Magic |
| 22:08 | Druid of the Claw |
| 22:09 | Druid of the Claw |
| 22:35 | Chimaera Roost |
| 22:39 | Chimaera Roost |
| 24:07 | Chimaera |
| 24:29 | Wisp |
| 24:38 | Druid of the Claw |
| 25:22 | Evasion |
| 25:25 | Chimaera |
| 25:28 | Druid of the Claw |
| 26:57 | Goblin Sapper |
| 26:57 | Goblin Sapper |
| 26:58 | Goblin Sapper |
| 27:50 | Dryad |
| 28:04 | Dryad |
| 28:05 | Chimaera |
| 28:08 | Archer |
| 28:23 | Druid of the Claw |
| 28:35 | Corrosive Breath |
| 28:58 | Entangling Roots |
| 29:17 | Orb of Venom |
| 29:41 | Immolation |
| 30:02 | Goblin Sapper |
| 30:02 | Goblin Sapper |
| 30:03 | Goblin Sapper |
| 30:13 | Dryad |
| 30:53 | Thorns Aura |
| 32:51 | Druid of the Claw |
| 32:55 | Dryad |
| 32:57 | Dryad |
| 32:57 | Dryad |
| 33:16 | Dryad |
| 34:17 | Immolation |
| 34:55 | Dryad |
| Right click | 1132 |
| Select | 635 |
| Misc. action | 223 |
| Select group | 206 |
| Build/train/purchase | 133 |
| Use ability | 60 |
| Assign group | 45 |
| Chat | 6 |
| Remove unit | 3 |
| Item give/drop | 2 |